 Dungeon Crawl Stone Soup version 0.27.1-34-g3ba077fa99 (webtiles) character file.

Game seed: 8316056446250726744

928 pkoi the Martial Artist (level 7, 0/51 HPs)
             Began as a Black Draconian Monk on Jan 17, 2022.
             Was a Priest of Hepliaklqana.
             Slain by a gnoll (3 damage)
             ... on level 7 of the Dungeon.
             The game lasted 00:06:05 (6103 turns).

pkoi the Martial Artist (Black Draconian Monk)      Turns: 6103, Time: 00:06:06

Health: 0/51       AC:  7    Str:  9 (11) XL:     7   Next: 85%
Magic:  7/7        EV: 12    Int: 10 (12) God:    Hepliaklqana [***...]
Gold:   189        SH:  0    Dex: 13 (14) Spells: 6/6 levels left

rFire    . . .     SeeInvis .     - Unarmed
rCold    . . .     Faith    .   (no shield)
rNeg     . . .     Spirit   .   (armour unavailable)
rPois    +         Reflect  .   (helmet restricted)
rElec    +         Harm     .   q - scarf {rPois}
rCorr    .         Rampage  .   b - +0 pair of gloves
Will     .....                  (no boots)
Stlth    ++........             (no amulet)
HPRegen  0.17/turn              (no ring)
MPRegen  0.10/turn              (no ring)

@: no status effects
A: reduced essence, breathe lightning, AC +6, unfitting armour, electricity
resistance, cold-blooded, weak 1
a: Breathe Lightning, Renounce Religion, Recall Ancestor, Ancestor Identity,
Transference


You were on level 7 of the Dungeon.
You worshipped Hepliaklqana.
Hepliaklqana was most pleased with you.
You visited 2 branches of the dungeon, and saw 8 of its levels.

You collected 315 gold pieces.
You spent 126 gold pieces at shops.

Inventory:

Hand Weapons
 m - a +0 dagger
Missiles
 g - 14 poisoned darts (quivered)
Armour
 b - a +0 pair of gloves (worn)
 l - a +1 cloak
 q - a scarf of poison resistance (worn)
Jewellery
 k - a +6 ring of strength
Wands
 n - a wand of flame (15)
 r - a wand of digging (7)
Scrolls
 f - 5 scrolls of identify
 h - a scroll of teleportation
 j - a scroll of acquirement {unknown}
 p - a scroll of torment {unknown}
Potions
 c - 2 potions of curing {unknown}
 d - 2 potions of might {unknown}
 e - a potion of haste
 i - 2 potions of flight
 o - 2 potions of attraction {unknown}


   Skills:
 - Level 3.2 Fighting
 - Level 2.6 Dodging
 - Level 1.7 Stealth
 + Level 9.5 Unarmed Combat


You had 6 spell levels left.
You didn't know any spells.
Your spell library contained the following spells:

 Spells                   Type           Power      Damage    Failure   Level
 Foxfire                  Conj/Fire      0%         2x1d4     36%         1
 Freeze                   Ice            0%         1d3       36%         1
 Call Canine Familiar     Summ           0%         N/A       75%         3
 Conjure Flame            Conj/Fire      0%         6-21      75%         3
 Frozen Ramparts          Ice            0%         1d2       75%         3
 Inner Flame              Hex/Fire       0%         N/A       75%         3
 Portal Projectile        Hex/Tloc       0%         N/A       75%         3
 Stone Arrow              Conj/Erth      0%         3d7       75%         3
 Hailstorm                Conj/Ice       0%         3d3       98%         4
 Leda's Liquefaction      Hex/Erth       0%         N/A       98%         4
 Lehudib's Crystal Spear  Conj/Erth      0%         10d2      100%        8
 Animate Armour           Summ/Erth      Unusable   N/A       N/A         4

Dungeon Overview and Level Annotations

Branches:
Dungeon (7/15)             Temple (1/1) D:5

Altars:
Ashenzari
Dithmenos
Fedhas
Gozag
Hepliaklqana
Nemelex Xobeh
Okawaru
Qazlal
Sif Muna
Trog
Uskayaw
Wu Jian
Xom

Shops:
D:1 ?   D:5 *


Innate Abilities, Weirdness & Mutations

Your life essence is reduced to manifest your ancestor. (-10% HP)
You can breathe wild blasts of lightning.
Your glossy black scales are hard. (AC +6)
You cannot fit into any form of body armour.
You are resistant to electric shocks. (rElec)
You are cold-blooded and may be slowed by cold attacks.
You are weak. (Str -2)


Message History

You are too injured to fight recklessly!
You are too injured to fight recklessly!
You are too injured to fight recklessly!
You are too injured to fight recklessly!
You are too injured to fight recklessly!
You are too injured to fight recklessly!
You are too injured to fight recklessly!
Unknown command.
You punch the gnoll!
You kill the gnoll!
The gnoll shaman hits Shea with a +0 club.
The gnoll barely misses you.
The gnoll hits Shea with a +2 flail of protection!
The gnoll closely misses you.
Shea hits the gnoll with a +0 flail!
Unknown command.
The gnoll shaman hits Shea but does no damage.
The gnoll barely misses you. x2; Shea hits the gnoll with a +0 flail!
The gnoll dies!
Unknown command.
The wyvern zombie barely misses you.
The gnoll shaman hits you with a +0 club.
The gnoll hits you with a +0 halberd!
* * * LOW HITPOINT WARNING * * *
The gnoll hits you but does no damage.
Shea hits the gnoll shaman with a +0 flail.
You see here a +2 flail of protection.
You hit the gnoll.
The gnoll is moderately wounded.
The wyvern zombie bites you but does no damage.
The gnoll shaman hits you with a +0 club!
* * * LOW HITPOINT WARNING * * *
The gnoll hits you with a +0 halberd!
* * * LOW HITPOINT WARNING * * *
It was a potion of degeneration.
There was something very wrong with that liquid.
You feel weakened.
You feel dopey.
You feel clumsy. The wyvern zombie misses you. The gnoll closely misses you.
Shea hits the gnoll shaman with a +0 flail!
Shea blocks the gnoll shaman's attack.
The gnoll hits you with a +0 halberd.
You die...

###........#..
#............#
##............#
#............#
.............##
..............########
...............#.....###
......Zg...##...........
.......@R..###..........
.......gg)## #..........
..........# #..........
##......### ##.........
######## ###..<.###
######


You could see the friendly Shea the knight, a gnoll shaman (ally target), 2
gnolls and a wyvern zombie.

Vanquished Creatures
  2 water moccasins (D:5)
  A wyvern zombie (D:5)
  A scorpion (D:5)
  A vampire bat (D:3)
  A hound (D:4)
  An orc priest (D:6)
  A bullfrog skeleton (D:6)
  2 iguanas (D:5)
  A howler monkey zombie (D:5)
  A gnoll (D:7)
  6 adders
  3 worms
  A dart slug (D:1)
  3 fire bats (D:3)
  5 orcs
  2 spectral bats (D:3)
  8 ball pythons
  3 bat skeletons (D:3)
  A bat zombie (D:3)
  6 endoplasms
  3 giant cockroaches
  13 hobgoblins
  3 quokkas
  13 bats
  A bat simulacrum (D:3)
  3 frilled lizards
  6 goblins
  4 kobolds
  2 rats (D:1)
98 creatures vanquished.

Vanquished Creatures (collateral kills)
  A bullfrog (D:6)
  A centaur zombie (D:5)
  A bullfrog skeleton (D:5)
  A hound skeleton (D:5)
  An adder (D:4)
  2 gnolls
  A shadow imp (D:6)
  A goblin (D:4)
9 creatures vanquished.

Vanquished Creatures (others)
  3 fungi (D:2)
  A plant (D:2)
4 creatures vanquished.

Grand Total: 111 creatures vanquished

Notes
Turn   | Place    | Note
-------+----------+-------------------------------------------
     0 | D:1      | pkoi the Draconian Monk began the quest for the Orb.
     0 | D:1      | Reached XP level 1. HP: 19/19 MP: 1/1
   217 | D:1      | Reached XP level 2. HP: 26/26 MP: 2/2
   249 | D:1      | You fall into a shaft and drop 1 floor!
   458 | D:1      | Found Tedinud's Magic Scroll Boutique.
   533 | D:1      | Reached skill level 4 in Unarmed Combat
   730 | D:1      | Reached XP level 3. HP: 31/31 MP: 3/3
  1544 | D:2      | Found a faded altar of an unknown god.
  1836 | D:2      | Reached skill level 5 in Unarmed Combat
  1836 | D:2      | Reached XP level 4. HP: 26/38 MP: 4/4
  2070 | D:3      | Found a shadowy altar of Dithmenos.
  3092 | D:3      | Reached XP level 5. HP: 44/45 MP: 5/5
  3153 | D:3      | Reached skill level 6 in Unarmed Combat
  3623 | D:4      | Gained mutation: You are weak. (Str -2) [potion of
                  | mutation]
  3652 | D:4      | Found a hazy altar of Hepliaklqana.
  3662 | D:4      | Became a worshipper of Hepliaklqana the Forgotten
  3662 | D:4      | Reached * piety under Hepliaklqana
  3662 | D:4      | Reached ** piety under Hepliaklqana
  3665 | D:4      | Remembered your ancestor Shea as a knight
  3730 | D:4      | Found an ornate altar of the Wu Jian Council.
  3886 | D:4      | Reached XP level 6. HP: 45/45 MP: 6/6
  4161 | D:5      | Entered Level 5 of the Dungeon
  4270 | D:5      | You fall into a shaft and drop 1 floor!
  4289 | D:6      | Reached skill level 7 in Unarmed Combat
  4814 | D:5      | Reached skill level 8 in Unarmed Combat
  4825 | D:5      | Your scales start taking on a glossy black colour.
  4825 | D:5      | Reached XP level 7. HP: 49/51 MP: 7/7
  4825 | D:5      | Gained mutation: You are resistant to electric shocks.
                  | (rElec) [Black Draconian growth]
  5046 | D:5      | Found a bloodstained altar of Trog.
  5125 | D:5      | Found Unoume's Serpentskin Sales.
  5131 | D:5      | Reached skill level 9 in Unarmed Combat
  5428 | D:5      | Bought a scarf of poison resistance for 126 gold pieces
  5632 | D:5      | Found a staircase to the Ecumenical Temple.
  5778 | Temple   | Entered the Ecumenical Temple
  5974 | D:6      | Noticed a two-headed ogre
  6076 | D:7      | Reached *** piety under Hepliaklqana
  6103 | D:7      | Slain by a gnoll

Illustrated notes

Levels and vault maps discovered:
D:1:      eino_arrival_cavern_b, layout_basic, serial_shops,
          nicolae_shop_statue_plus, hex_medium
D:2:      layout_loops_cross, dreamdust_ecumenical_altar_grove
D:3:      layout_loops_corners, nicolae_dithmenos_through_a_glass_darkly,
          goddamned_bats
D:4:      layout_basic, mainiacjoe_overflow_catwalk,
          mainiacjoe_overflow_24_doors, hangedman_decor_points
D:5:      layout_loops_ring, marbit_many_paths, temple_hall_moat,
          guppyfry_shop_venom
D:6:      layout_basic, grunt_temple_overflow_lords_of_destruction
D:7:      layout_cave_pods
Temple:   dpeg_three_leaves_temple

Skill      XL: |  1  2  3  4  5  6  7 |
---------------+----------------------+-----
Unarmed Combat | 4 5 6 8 9 |  9.5
Fighting       | |  3.2
Dodging        | |  2.6
Stealth        | |  1.7

Action                   |  1- 3 |  4- 6 |  7- 9 || total
-------------------------+-------+-------+-------++-------
Melee: Unarmed           |   142 |   168 |    25 ||   335
       Tailslap          |    15 |    15 |     2 ||    32
       Punch             |     1 |     3 |     1 ||     5
Invok: Ancestor Life: Kn |       |     1 |       ||     1
       Ancestor Identity |       |     1 |       ||     1
       Recall Ancestor   |       |     1 |       ||     1
 Abil: Breathe Lightning |       |       |     1 ||     1
  Use: Scroll            |       |     5 |       ||     5
       Potion            |       |     4 |     1 ||     5
 Stab: Sleeping          |    11 |     9 |       ||    20
Armor: Skin              |    34 |    84 |     8 ||   126
Dodge: Dodged            |    77 |   157 |    18 ||   252
